 Dungeon Crawl Stone Soup version 0.31-a0-1009-g454b1f1e0a (webtiles) character file.

Game seed: 14826387799950453412

2542 Maratek the Spear-Bearer (level 9, 0/78 HPs)
             Began as a Grey Draconian Fighter on Nov 14, 2023.
             Was a High Priest of Zin.
             Shot with an arrow by a centaur (2 damage)
             ... on level 8 of the Dungeon.
             The game lasted 00:12:10 (7354 turns).

Maratek the Spear-Bearer (Grey Draconian Fighter)   Turns: 7354, Time: 00:12:10

Health: 0/78       AC: 12    Str: 29    XL:     9   Next: 30%
Magic:  9/9        EV: 13    Int:  9    God:    Zin [*****.]
Gold:   284        SH:  0    Dex: 10    Spells: 8/8 levels left

rFire   . . .        j - +1 scythe
rCold   + + .        (shield currently unavailable)
rNeg    . . .        (body armour unavailable)
rPois   .            (helmet restricted)
rElec   .            (no cloak)
rCorr   +            (no gloves)
SInv    .            (no boots)
Will    .....        r - amulet of magic regeneration
Stlth   +            v - ring "Axunn" {Contam rC++ rCorr Str+6 Stlth-}
HPRegen 0.33/turn    (no ring)
MPRegen 0.51/turn

%: no passive effects
@: mighty
A: AC +12, amphibious, unfitting armour, cold-blooded
a: Renounce Religion, Recite, Vitalisation, Imprison, Sanctuary, Donate Gold


You were on level 8 of the Dungeon.
You worshipped Zin.
Zin was extremely pleased with you.
You visited 1 branch of the dungeon, and saw 8 of its levels.
You also visited: Ossuary.

You collected 1166 gold pieces.
You donated 882 gold pieces to Zin.

Inventory:

Hand Weapons
 j - a +1 scythe (weapon)
Jewellery
 r - an amulet of magic regeneration (around neck)
 v - the ring "Axunn" (left hand) {Contam rC++ rCorr Str+6 Stlth-}
   (You acquired it in an ossuary)

   [ring of strength]

   Str+6:     It affects your strength (+6).
   rC++:      It greatly protects you from cold.
   Contam:    It causes magical contamination when unequipped.
   rCorr:     It protects you from acid and corrosion.
   Stlth-:    It makes you less stealthy.
Wands
 k - a wand of mindburst (3)
 p - a wand of charming (13)
Scrolls
 a - 2 scrolls of teleportation
 b - a scroll of enchant armour
 l - a scroll of revelation
 o - a scroll of enchant weapon
 t - a scroll of amnesia
 u - a scroll of silence
 w - a scroll of identify
Potions
 d - 6 potions of curing
 e - 2 potions of haste
 g - 2 potions of ambrosia
 h - a potion of brilliance {unknown}
 i - 3 potions of heal wounds {unknown}
 m - 2 potions of degeneration {unknown}
 n - a potion of lignification {unknown}
 q - 2 potions of mutation {unknown}
 s - a potion of attraction {unknown}


   Skills:
 + Level 6.8 Fighting
 + Level 9.7 Polearms
 + Level 5.2 Dodging
 + Level 3.1 Stealth
 + Level 3.5 Shields
 + Level 0.1 Evocations


You had 8 spell levels left.
You didn't know any spells.
Your spell library contained the following spells:

 Spells                   Type           Power      Damage    Failure   Level
 Sublimation of Blood     Necr           0%         N/A       52%         2
 Wereblood                Tmut           0%         N/A       52%         2
 Dazzling Flash           Conj/Hex       0%         N/A       77%         3
 Frozen Ramparts          Ice            0%         1d1       77%         3
 Volatile Blastmotes      Fire/Tloc      0%         2d10      77%         3
 Petrify                  Tmut/Erth      0%         N/A       99%         4
 Irradiate                Conj/Tmut      0%         3d11      100%        5
 Metabolic Englaciation   Hex/Ice        0%         N/A       100%        5
 Starburst                Conj/Fire      0%         6d3       100%        6
 Summon Hydra             Summ           0%         N/A       100%        7
 Maxwell's Capacitive Co  Air            0%         ∞         100%        8


Dungeon Overview and Level Annotations

Branches:
Dungeon (8/15)            Ossuary (visited)
 Temple: D:4-7         Lair: D:8-11

Altars:
Hepliaklqana
Kikubaaqudgha
Okawaru
Sif Muna
Vehumet
Xom
Zin

Shops:
D:3 ((


Innate Abilities, Weirdness & Mutations

Your dull iron-grey scales are very hard. (AC +12)
You are amphibious.
You cannot fit into any form of body armour.
You are cold-blooded and may be slowed by cold attacks.


Message History

You are too injured to fight recklessly!
The centaur unwields a +0 shortbow.
The centaur hits you but does no damage.
The centaur kicks you but does no damage.
The centaur shoots an arrow.
The arrow barely misses you.
The centaur unwields a +0 shortbow.
The centaur hits you but does no damage.
The centaur closely misses you.
The centaur shoots an arrow.
The arrow hits you but does no damage.
The centaur hits you but does no damage.
The centaur kicks you but does no damage.
You completely miss the centaur. The centaur closely misses you.
The centaur kicks you but does no damage.
The centaur completely misses you. The centaur barely misses you.
The centaur shoots an arrow.
The arrow closely misses you. The centaur hits you.
The centaur barely misses you.
Unknown command.
You hit the centaur.
The centaur is moderately wounded.
The centaur closely misses you. The centaur misses you.
The centaur shoots an arrow.
The arrow hits you!
* * * LOW HITPOINT WARNING * * *
The centaur hits you but does no damage.
The centaur kicks you but does no damage.
The centaur hits you but does no damage.
The centaur barely misses you.
The centaur shoots an arrow.
The arrow hits you.
* * * LOW HITPOINT WARNING * * *
You barely miss the centaur.
The centaur is moderately wounded.
The centaur hits you but does no damage.
The centaur kicks you but does no damage.
The centaur closely misses you. The centaur kicks you.
* * * LOW HITPOINT WARNING * * *
The centaur shoots an arrow.
The arrow hits you!
* * * LOW HITPOINT WARNING * * *
The centaur misses you. x2
You impale the centaur!!
You kill the centaur!
The centaur shoots an arrow.
The arrow hits you.
You die...

#....#......
....#......#
####[....≈≈≈≈.###
##..#....≈≈≈≈≈≈≈≈.
##....≈≈≈≈≈≈≈≈≈≈≈≈≈
#..≈≈≈≈≈≈≈≈≈≈≈≈≈≈≈≈
#.≈≈≈≈≈≈≈≈≈≈≈≈≈..≈≈
#.≈≈≈≈≈≈≈≈≈≈≈c.....
#)≈≈≈≈≈≈≈≈≈@)c.....
##≈≈≈≈≈≈≈≈≈≈cc#'#..
##≈≈≈≈≈≈≈≈≈c.#
#≈≈≈≈≈≈≈≈≈..#
##≈≈≈≈≈≈≈≈≈.#
###≈≈≈≈≈≈≈.#
##≈≈≈≈≈≈.#
###≈≈≈≈≈..
##≈≈≈≈≈≈≈


You could see 5 centaurs.

Vanquished Creatures
  A skeletal warrior (D:8)
  Maggie (D:6)
  Sigmund (D:2)
  A water moccasin (D:6)
  2 ice beasts
  A black bear (D:6)
  2 ogres
  2 centaurs
  A phantom (D:6)
  A scorpion (D:6)
  A hound (D:5)
  3 jellies
  An orc priest (D:5)
  A gnoll bouda (D:7)
  5 iguanas
  4 orc wizards
  13 mummies (Ossuary)
  6 gnolls
  6 adders
  A shadow imp (D:6)
  2 ufetubi (D:5)
  A worm (D:3)
  3 dart slugs
  9 orcs
  6 ball pythons
  8 endoplasms
  4 giant cockroaches
  4 hobgoblins
  7 jackals
  5 quokkas
  7 bats
  2 frilled lizards
  5 goblins
  2 goblin skeletons (Ossuary)
  5 kobolds
  3 kobold skeletons (Ossuary)
  3 orc skeletons (Ossuary)
  9 rats
  11 rat skeletons (Ossuary)
150 creatures vanquished.

Vanquished Creatures (others)
  An orc wizard (D:5)
1 creature vanquished.

Grand Total: 151 creatures vanquished

Notes
Turn   | Place    | Note
-------+----------+-------------------------------------------
     0 | D:1      | Maratek the Draconian Fighter began the quest for the Orb.
     0 | D:1      | Reached XP level 1. HP: 19/19 MP: 1/1
   188 | D:1      | Reached XP level 2. HP: 26/26 MP: 2/2
   485 | D:1      | Found a faded altar of an unknown god.
   731 | D:2      | Reached XP level 3. HP: 28/31 MP: 3/3
   857 | D:2      | Noticed Sigmund
   869 | D:2      | Killed Sigmund
   870 | D:2      | Reached skill level 4 in Polearms
   870 | D:2      | Reached skill level 1 in Stealth
   870 | D:2      | Reached XP level 4. HP: 24/40 MP: 4/4
   870 | D:2      | Reached XP level 5. HP: 27/46 MP: 5/5
  1194 | D:2      | Found an iron altar of Okawaru.
  1799 | D:3      | Found Zaciulup's Weapon Shop.
  1992 | D:3      | Found an ancient bone altar of Kikubaaqudgha.
  2076 | D:3      | Noticed an ogre
  2081 | D:3      | Killed an ogre
  2082 | D:3      | Reached XP level 6. HP: 52/52 MP: 6/6
  2174 | D:3      | Found Noz Tecu's Weapon Shoppe.
  2286 | D:4      | Reached skill level 5 in Polearms
  2369 | D:4      | Found an iron altar of Okawaru.
  2625 | D:4      | Found a shimmering blue altar of Sif Muna.
  2840 | D:4      | Found a hazy altar of Hepliaklqana.
  2922 | D:4      | Found a glowing silver altar of Zin.
  2922 | D:4      | Noticed an angel
  2931 | D:4      | Became a worshipper of Zin the Law-Giver
  2931 | D:4      | Reached * piety under Zin
  2933 | D:4      | Donated 99 gold pieces to Zin
  2934 | D:4      | Donated 49 gold pieces to Zin
  2990 | D:5      | Entered Level 5 of the Dungeon
  3048 | D:5      | Your scales start taking on a dull iron-grey colour.
  3048 | D:5      | Reached XP level 7. HP: 43/60 MP: 7/7
  3086 | D:5      | Found a sand-covered staircase.
  3091 | Ossuary  | Entered an ossuary
  3162 | Ossuary  | Reached ** piety under Zin
  3375 | Ossuary  | Reached skill level 6 in Polearms
  3643 | Ossuary  | Identified 2 scrolls of acquirement
  3644 | Ossuary  | Acquired the ring "Axunn" {Contam rC++ rCorr Str+6 Stlth-}
  3647 | Ossuary  | Acquired 861 gold pieces
  3648 | Ossuary  | Reached *** piety under Zin
  3648 | Ossuary  | Reached **** piety under Zin
  3649 | Ossuary  | Donated 412 gold pieces to Zin
  3650 | Ossuary  | Donated 206 gold pieces to Zin
  3704 | Ossuary  | Reached ***** piety under Zin
  4399 | D:5      | Found a shimmering altar of Xom.
  4557 | D:5      | Reached skill level 5 in Fighting
  4601 | D:5      | Found a radiant altar of Vehumet.
  4670 | D:6      | Reached skill level 7 in Polearms
  4670 | D:6      | Reached XP level 8. HP: 65/68 MP: 8/8
  4706 | D:6      | Noticed Maggie
  4726 | D:6      | Killed Maggie
  4920 | D:6      | Reached skill level 8 in Polearms
  5672 | D:6      | Reached skill level 9 in Polearms
  6129 | D:7      | Reached skill level 5 in Dodging
  6129 | D:7      | Reached XP level 9. HP: 75/78 MP: 9/9
  6198 | D:7      | Noticed a skeletal warrior
  6199 | D:7      | Noticed a skeletal warrior
  6200 | D:7      | Noticed a skeletal warrior
  6873 | D:8      | Killed a skeletal warrior
  7353 | D:8      | HP: 1/78 [centaur/arrow (8)]
  7354 | D:8      | Shot with an arrow by a centaur

Illustrated notes

Levels and vault maps discovered:
D:1:      heliophobic_arrival_dark_side_of_the_moon, layout_loops_ring,
          serial_glass, glass_columns_a, glass_columns_a, glass_columns_c,
          glass_columns_b, due_unseen_surprise, minmay_strange_pillars,
          shapermc_ecumenical_altar_venn
D:2:      minmay_wonky_spiral, layout_loops_corners, basic_altar,
          due_unseen_surprise, uniq_sigmund
D:3:      layout_rooms, mainiacjoe_overflow_chevrons, serial_shops,
          nicolae_shop_hallway_plus, nicolae_shop_bloodbath_and_beyond
D:4:      layout_rooms, mainiacjoe_overflow_brackets,
          nicolae_hepliaklqana_hazy_memory, mainiacjoe_overflow_cross_hatched,
          zin_angel, chequers_serial_rivers_large_b, kennysheep_generic_room_12
D:5:      layout_gridville, nicolae_overflow_hidden_temple,
          nicolae_ossuary_entry_plus
D:6:      layout_basic, minivault_24, lemuel_flamethrower_1, uniq_maggie
D:7:      layout_layer_cave, fedhas_altar_3, minmay_temple_entry_wispy,
          kennysheep_small_square
D:8:      layout_cave_pools, lemuel_doored_altar, centaur_isle

Skill      XL: |  1  2  3  4  5  6  7  8 |
---------------+-------------------------+-----
Dodging        | 3 4 5 |  5.2
Polearms       | 4 5 7 9 |  9.7
Stealth        | 1 2 3 |  3.1
Fighting       | 4 5 6 |  6.8
Shields        | |  3.5
Evocations     | |  0.1

Action                     |  1- 3 |  4- 6 |  7- 9 || total
---------------------------+-------+-------+-------++-------
  Melee: Trident           |    85 |       |       ||    85
         Tailslap          |     5 |    14 |    42 ||    61
         Halberd           |       |   137 |   315 ||   452
 Invoke: Donate Gold       |       |     2 |     2 ||     4
  Evoke: Wand              |       |       |     1 ||     1
    Use: Scroll            |       |     7 |    16 ||    23
         Potion            |       |       |     2 ||     2
   Stab: Sleeping          |     2 |     5 |    10 ||    17
 Armour: Skin              |    27 |    67 |   219 ||   313
  Dodge: Dodged            |    41 |    88 |   174 ||   303
  Block: Buckler           |    10 |       |       ||    10

Table legend: (Time is in decaauts)
 A = Elapsed time spent in this place.
 B = Non-inter-level travel time spent in this place.
 C = Inter-level travel time spent in this place.
 D = Time resting spent in this place.
 E = Time spent auto-exploring this place.
 F = Levels seen in this place.
 G = Mean time per level.
                   A        B        C        D        E       F      G
               +--------+--------+--------+--------+--------+-----+--------+
         Total |   7459 |   7284 |    175 |   1569 |   4450 |   9 |  828.8 |
       Dungeon |   6695 |   6520 |    175 |   1419 |   4032 |   8 |  836.9 |
       Ossuary |    764 |    764 |      0 |    150 |    418 |   1 |  764.0 |
               +--------+--------+--------+--------+--------+-----+--------+

Top non-repeatable levels by time:
     D:8: 1134 daAuts
     D:6: 1114 daAuts
     D:2: 1094 daAuts
     D:5: 927 daAuts
     D:4: 778 daAuts
 Ossuary: 764 daAuts
     D:1: 690 daAuts
     D:3: 504 daAuts
     D:7: 451 daAuts
